PCL
PORTLAND BEAVERS @ TUCSON SIDEWINDERS
05/14/2004
 
TOP OF THE 1ST
Portland Beavers batting - Pitching for Tucson Sidewinders : RHP Reynaldo Camargo
Pitching: RHP Reynaldo Camargo
Batting: RHB Joe Gaetti 0-0: Fly out, F3 (Popup, 3SF, EV 63.1 MPH)
Batting: LHB Dallas McPherson 0-0: Ball
1-0: Ball
2-0: DOUBLE (Flyball, 8RD, EV 103.8 MPH)
Batting: RHB Joe Caruso 0-0: Called Strike
0-1: Foul Ball, location: 25FF
0-2: Fly out, F7 (Flyball, 7, EV 88.1 MPH)
Batting: SHB Jon Azcona 0-0: Foul Ball, location: 2F
0-1: Fly out, F6 (Popup, 6S, EV 79.4 MPH)
Top of the 1st over - 0 runs, 1 hit, 0 errors, 1 left on base; Portland 0 - Tucson 0
BOTTOM OF THE 1ST
Tucson Sidewinders batting - Pitching for Portland Beavers : RHP Andy Sonnanstine
Pitching: RHP Andy Sonnanstine
Batting: RHB Jhonny Perez 0-0: Ball
1-0: Called Strike
1-1: Called Strike
1-2: Reached on error, E6 (Groundball, 6S, EV 88.1 MPH)
Batting: RHB Matt Creighton 0-0: Ball
Jhonny Perez steals 2nd base (no throw)
1-0: Fly out, F8 (Line Drive, 8RM, EV 88.1 MPH)
Batting: LHB Jake Duncan 0-0: Called Strike
Jhonny Perez steals 3rd base
0-1: Ball
1-1: Ball
2-1: Ball
3-1: Foul Ball, location: 7LSF
3-2: SINGLE (Flyball, 6D, EV 94.4 MPH)
Jhonny Perez scores
Batting: RHB Nate Gold 0-0: Ball
1-0: Called Strike
1-1: Fly out, F8 (Flyball, 89S, EV 89.4 MPH)
Batting: RHB Isrrael Osorio 0-0: Ball
1-0: Swinging Strike
1-1: Ball
2-1: Swinging Strike
2-2: Ball
3-2: Foul Ball, location: 2F
3-2: DOUBLE (Line Drive, 7LM, EV 98.1 MPH)
Jake Duncan to third
Jake Duncan scores
Batting: LHB Micah Hoffpauir 0-0: Called Strike
0-1: Ground out 6-3 (Groundball, 6, EV 86.9 MPH)
Bottom of the 1st over - 2 runs, 2 hits, 1 error, 1 left on base; Portland 0 - Tucson 2
TOP OF THE 2ND
Portland Beavers batting - Pitching for Tucson Sidewinders : RHP Reynaldo Camargo
Batting: RHB Khalil Greene 0-0: Ball
1-0: Fly out, F9 (Flyball, 89S, EV 85.6 MPH)
Batting: SHB Jarrod Saltalamacchia 0-0: SINGLE (Line Drive, 5D, EV 111.9 MPH)
Batting: RHB Jesse Hoorelbeke 0-0: Swinging Strike
0-1: Called Strike
0-2: Fly out, F7 (Flyball, 7, EV 95.6 MPH)
Batting: RHB Jose Freire 0-0: Called Strike
0-1: Ground out 1-3 (Groundball, 13S, EV 73.8 MPH)
Top of the 2nd over - 0 runs, 1 hit, 0 errors, 1 left on base; Portland 0 - Tucson 2
BOTTOM OF THE 2ND
Tucson Sidewinders batting - Pitching for Portland Beavers : RHP Andy Sonnanstine
Batting: RHB Matt LeCroy 0-0: Ball
1-0: Ball
2-0: Called Strike
2-1: Ball
3-1: Base on Balls
Batting: LHB Endy Chavez 0-0: Ball
1-0: Foul Ball, location: 2F
1-1: Ball
2-1: Foul Ball, location: 2F
2-2: Ball
3-2: Grounds into double play, 3-6-3 (Groundball, 3, EV 88.1 MPH)
Batting: RHB Efren Espinoza 0-0: Called Strike
0-1: Foul Ball, location: 3SF
0-2: Strikes out looking
Bottom of the 2nd over - 0 runs, 0 hits, 0 errors, 0 left on base; Portland 0 - Tucson 2
TOP OF THE 3RD
Portland Beavers batting - Pitching for Tucson Sidewinders : RHP Reynaldo Camargo
Batting: RHB Noochie Varner 0-0: Ball
1-0: Swinging Strike
1-1: Foul Ball, location: 9LSF
1-2: Foul Ball, location: 2F
1-2: Ball
2-2: Fly out, F7 (Flyball, 7, EV 91.9 MPH)
Batting: RHB Joe Gaetti 0-0: Foul Ball, location: 9LMF
0-1: SINGLE (Groundball, 3D, EV 99.4 MPH)
Batting: LHB Dallas McPherson 0-0: Ball
Wild Pitch!
Joe Gaetti to second
1-0: DOUBLE (Groundball, 5L, EV 100.0 MPH)
Joe Gaetti scores
Batting: RHB Joe Caruso 0-0: Ball
1-0: Ball
2-0: Ball
3-0: Called Strike
3-1: Foul Ball, location: 23F
3-2: Base on Balls
Batting: SHB Jon Azcona 0-0: Fly out, F7 (Flyball, 78D, EV 104.4 MPH)
Batting: RHB Khalil Greene 0-0: Fly out, F9 (Line Drive, 89M, EV 86.3 MPH)
Top of the 3rd over - 1 run, 2 hits, 0 errors, 2 left on base; Portland 1 - Tucson 2
BOTTOM OF THE 3RD
Tucson Sidewinders batting - Pitching for Portland Beavers : RHP Andy Sonnanstine
Batting: RHB Jhonny Perez 0-0: Ball
1-0: Fly out, F8 (Flyball, 8LM, EV 91.9 MPH)
Batting: RHB Matt Creighton 0-0: Ball
1-0: Foul Ball, location: 3F
1-1: Ball
2-1: Ground out 6-3 (Groundball, 6M, EV 88.1 MPH)
Batting: LHB Jake Duncan 0-0: SINGLE (Groundball, 6D, EV 100.0 MPH)
Batting: RHB Nate Gold 0-0: Called Strike
0-1: Ball
1-1: Called Strike
1-2: Strikes out swinging
Bottom of the 3rd over - 0 runs, 1 hit, 0 errors, 1 left on base; Portland 1 - Tucson 2
TOP OF THE 4TH
Portland Beavers batting - Pitching for Tucson Sidewinders : RHP Reynaldo Camargo
Batting: SHB Jarrod Saltalamacchia 0-0: Foul Ball, location: 2RF
0-1: Foul Ball, location: 7LMF
0-2: SINGLE (Line Drive, 8RS, EV 108.8 MPH)
Batting: RHB Jesse Hoorelbeke 0-0: Ball
1-0: Swinging Strike
1-1: Swinging Strike
1-2: TRIPLE (Flyball, 89XD, EV 103.8 MPH)
Jarrod Saltalamacchia scores
Batting: RHB Jose Freire 0-0: Foul Ball, location: 5F
0-1: Fly out, F8 (Flyball, 8RD, EV 105.6 MPH)
Runner from 3rd tags up, SCORES, no throw by CF
Batting: RHB Noochie Varner 0-0: Ball
1-0: Ball
2-0: Ground out 5-3 (Groundball, 56, EV 78.8 MPH)
Batting: RHB Joe Gaetti 0-0: Ball
1-0: Called Strike
1-1: Swinging Strike
1-2: Strikes out swinging
Top of the 4th over - 2 runs, 2 hits, 0 errors, 0 left on base; Portland 3 - Tucson 2
BOTTOM OF THE 4TH
Tucson Sidewinders batting - Pitching for Portland Beavers : RHP Andy Sonnanstine
Batting: RHB Isrrael Osorio 0-0: Ball
1-0: Swinging Strike
1-1: Swinging Strike
1-2: Ground out 5-3 (Groundball, 56S, EV 66.3 MPH)
Batting: LHB Micah Hoffpauir 0-0: Called Strike
0-1: Called Strike
0-2: Ball
1-2: Ground out 4-3 (Groundball, 4, EV 85.0 MPH)
Batting: RHB Matt LeCroy 0-0: Ball
1-0: DOUBLE (Flyball, 78XD, EV 105.6 MPH)
Batting: LHB Endy Chavez 0-0: Ball
1-0: Called Strike
1-1: SINGLE (Line Drive, 4D, EV 104.4 MPH)
Matt LeCroy to third
Runner from 3rd tries for Home, SAFE, throw by CF to home
Batting: RHB Efren Espinoza 0-0: Ball
1-0: SINGLE (Line Drive, 7S, EV 91.9 MPH)
Endy Chavez to second
Batting: RHB Jhonny Perez 0-0: Called Strike
0-1: Ball
1-1: Ball
2-1: Swinging Strike
2-2: Ball
3-2: Foul Ball, location: 2F
3-2: Foul Ball, location: 9LMF
3-2: Ground out 4-3 (Groundball, 4S, EV 87.5 MPH)
Bottom of the 4th over - 1 run, 3 hits, 0 errors, 2 left on base; Portland 3 - Tucson 3
TOP OF THE 5TH
Portland Beavers batting - Pitching for Tucson Sidewinders : RHP Reynaldo Camargo
Batting: LHB Dallas McPherson 0-0: Swinging Strike
0-1: Foul Ball, location: 7LDF
0-2: Strikes out swinging
Batting: RHB Joe Caruso 0-0: Called Strike
0-1: Ball
1-1: Ball
2-1: Ball
3-1: Fly out, F7 (Line Drive, 7S, EV 88.1 MPH)
Batting: SHB Jon Azcona 0-0: Swinging Strike
0-1: Ball
1-1: Fly out, F4 (Popup, 4S, EV 62.5 MPH)
Top of the 5th over - 0 runs, 0 hits, 0 errors, 0 left on base; Portland 3 - Tucson 3
BOTTOM OF THE 5TH
Tucson Sidewinders batting - Pitching for Portland Beavers : RHP Andy Sonnanstine
Batting: RHB Matt Creighton 0-0: Ball
1-0: Fly out, F9 (Flyball, 9, EV 90.6 MPH)
Batting: LHB Jake Duncan 0-0: Ball
1-0: Ball
2-0: Swinging Strike
2-1: Ball
3-1: Base on Balls
Batting: RHB Nate Gold 0-0: Called Strike
0-1: Foul Ball, location: 2F
0-2: Foul Ball, location: 2F
0-2: Fly out, F6 (Line Drive, 6MD, EV 62.5 MPH)
Lined into DP, 6-3 (Line Drive, 6MD, EV 62.5 MPH)
Bottom of the 5th over - 0 runs, 0 hits, 0 errors, 0 left on base; Portland 3 - Tucson 3
TOP OF THE 6TH
Portland Beavers batting - Pitching for Tucson Sidewinders : RHP Reynaldo Camargo
Batting: RHB Khalil Greene 0-0: Ball
1-0: Ball
2-0: Called Strike
2-1: Called Strike
2-2: Foul Ball, location: 7LMFF
2-2: Foul Ball, location: 3DF
2-2: SINGLE (Line Drive, 78S, EV 87.5 MPH)
Batting: SHB Jarrod Saltalamacchia 0-0: Foul Ball, location: 7LDF
0-1: Grounds into double play, 1-4-3 (Groundball, 15S, EV 73.8 MPH)
Batting: RHB Jesse Hoorelbeke 0-0: Ball
1-0: Called Strike
1-1: SINGLE (Groundball, 4D, EV 99.4 MPH)
Batting: RHB Jose Freire 0-0: Called Strike
0-1: Ball
1-1: Ground out 1-3 (Groundball, 15S, EV 68.8 MPH)
Top of the 6th over - 0 runs, 2 hits, 0 errors, 1 left on base; Portland 3 - Tucson 3
BOTTOM OF THE 6TH
Tucson Sidewinders batting - Pitching for Portland Beavers : RHP Andy Sonnanstine
Batting: RHB Isrrael Osorio 0-0: Fly out, F7 (Flyball, 7S, EV 92.5 MPH)
Batting: LHB Micah Hoffpauir 0-0: Called Strike
0-1: Ball
1-1: Ball
2-1: Ball
3-1: Called Strike
3-2: Fly out, F4 (Line Drive, 4, EV 85.0 MPH)
Batting: RHB Matt LeCroy 0-0: Called Strike
0-1: Ball
1-1: Swinging Strike
1-2: Fly out, F9 (Flyball, 9LD, EV 89.4 MPH)
Bottom of the 6th over - 0 runs, 0 hits, 0 errors, 0 left on base; Portland 3 - Tucson 3
TOP OF THE 7TH
Portland Beavers batting - Pitching for Tucson Sidewinders : RHP Reynaldo Camargo
Batting: RHB Noochie Varner 0-0: Called Strike
0-1: Foul Ball, location: 3SF
0-2: Ball
1-2: Foul Ball, location: 2F
1-2: Foul Ball, location: 9LSF
1-2: Ball
2-2: Foul Ball, location: 9LSF
2-2: Ball
3-2: SINGLE (Line Drive, 4D, EV 96.9 MPH)
Batting: RHB Joe Gaetti 0-0: Called Strike
0-1: Called Strike
0-2: Foul Ball, location: 25F
0-2: Fly out, F2 (Popup, 2R, EV 87.5 MPH)
Batting: LHB Dallas McPherson 0-0: SINGLE (Line Drive, 78M, EV 101.9 MPH)
Noochie Varner to second
Batting: RHB Joe Caruso 0-0: Ball
1-0: Ball
2-0: Ball
3-0: Called Strike
3-1: Base on Balls
Noochie Varner to third
Dallas McPherson to second
Pitching: RHP Sean Green
Batting: SHB Jon Azcona 0-0: Fly out, F6 (Popup, 15, EV 83.8 MPH)
Batting: RHB Khalil Greene 0-0: Ball
1-0: SINGLE (Groundball, 6, EV 91.9 MPH)
Noochie Varner scores
Dallas McPherson to third
Joe Caruso to second
Batting: SHB Jarrod Saltalamacchia 0-0: Called Strike
0-1: Ball
1-1: Called Strike
1-2: Strikes out swinging
Top of the 7th over - 1 run, 3 hits, 0 errors, 3 left on base; Portland 4 - Tucson 3
BOTTOM OF THE 7TH
Tucson Sidewinders batting - Pitching for Portland Beavers : RHP Andy Sonnanstine
Batting: LHB Endy Chavez 0-0: Called Strike
0-1: Swinging Strike
0-2: Ball
1-2: Foul Ball, location: 7LMF
1-2: Ground out 5-3 (Groundball, 56, EV 84.4 MPH)
Batting: RHB Efren Espinoza 0-0: Swinging Strike
0-1: Foul Ball, location: 5FF
0-2: Ball
1-2: Strikes out looking
Batting: RHB Jhonny Perez 0-0: Ball
1-0: Swinging Strike
1-1: Foul Ball, location: 9LMF
1-2: Strikes out swinging
Bottom of the 7th over - 0 runs, 0 hits, 0 errors, 0 left on base; Portland 4 - Tucson 3
TOP OF THE 8TH
Portland Beavers batting - Pitching for Tucson Sidewinders : RHP Sean Green
Batting: RHB Jesse Hoorelbeke 0-0: Ball
1-0: Fly out, F9 (Flyball, 9, EV 92.5 MPH)
Batting: RHB Jose Freire 0-0: Called Strike
0-1: Ball
1-1: Called Strike
1-2: Strikes out swinging
Batting: RHB Noochie Varner 0-0: Swinging Strike
0-1: Ball
1-1: SINGLE (Groundball, 4MD, EV 94.4 MPH)
Batting: RHB Joe Gaetti 0-0: Foul Ball, location: 2F
0-1: Ball
1-1: Called Strike
1-2: Ball
2-2: Ball
3-2: Base on Balls
Noochie Varner to second
Pitching: RHP Lee Gardner
Batting: LHB Dallas McPherson 0-0: Called Strike
0-1: Ball
1-1: Foul Ball, location: 25F
1-2: Foul Ball, location: 2F
1-2: SINGLE (Line Drive, 9LS, EV 83.8 MPH)
Noochie Varner to third
Joe Gaetti to second
Batting: RHB Joe Caruso 0-0: Foul Ball, location: 9LMF
0-1: Ball
1-1: Ball
2-1: Foul Ball, location: 9LSF
2-2: Strikes out swinging
Top of the 8th over - 0 runs, 2 hits, 0 errors, 3 left on base; Portland 4 - Tucson 3
BOTTOM OF THE 8TH
Tucson Sidewinders batting - Pitching for Portland Beavers : RHP Andy Sonnanstine
Pitching: LHP David Stewart
Batting: RHB Matt Creighton 0-0: Swinging Strike
0-1: Ball
1-1: Foul Ball, location: 7LMF
1-2: Ground out 6-3 (Groundball, P, EV 77.5 MPH)
Batting: LHB Jake Duncan 0-0: Ball
1-0: Foul Ball, location: 9LDF
1-1: Called Strike
1-2: Foul Ball, location: 2F
1-2: Ball
2-2: SINGLE (Groundball, 34D, EV 103.1 MPH)
Batting: RHB Nate Gold 0-0: Swinging Strike
0-1: Ball
1-1: Ball
2-1: Ball
3-1: Called Strike
3-2: Fielders Choice at 2nd, 6-4 (Groundball, 56, EV 84.4 MPH)
Batting: RHB Isrrael Osorio 0-0: Foul Ball, location: 9LDF
0-1: Called Strike
0-2: Ball
1-2: Strikes out swinging
Bottom of the 8th over - 0 runs, 1 hit, 0 errors, 1 left on base; Portland 4 - Tucson 3
TOP OF THE 9TH
Portland Beavers batting - Pitching for Tucson Sidewinders : RHP Lee Gardner
Batting: SHB Jon Azcona 0-0: Ball
1-0: Ball
2-0: Called Strike
2-1: Ball
3-1: Fly out, F7 (Flyball, 7LS, EV 90.6 MPH)
Batting: RHB Khalil Greene 0-0: Called Strike
0-1: Ball
1-1: Swinging Strike
1-2: SINGLE (Groundball, 6, EV 106.9 MPH)
Batting: SHB Jarrod Saltalamacchia 0-0: Called Strike
0-1: Fly out, F9 (Line Drive, 89M, EV 84.4 MPH)
Batting: RHB Jesse Hoorelbeke 0-0: Called Strike
0-1: 2-RUN HOME RUN (Flyball, 7D, EV 101.9 MPH), Distance : 376 ft
Batting: RHB Jose Freire 0-0: Ground out 6-3 (Groundball, 6, EV 86.9 MPH)
Top of the 9th over - 2 runs, 2 hits, 0 errors, 0 left on base; Portland 6 - Tucson 3
BOTTOM OF THE 9TH
Tucson Sidewinders batting - Pitching for Portland Beavers : LHP David Stewart
Pitching: LHP Matt Bauer
Batting: LHB Micah Hoffpauir 0-0: Called Strike
0-1: Ball
1-1: Ground out 6-3 (Groundball, 6MS, EV 70.0 MPH)
Batting: RHB Matt LeCroy 0-0: Fly out, F4 (Popup, 23, EV 91.3 MPH)
Batting: LHB Endy Chavez 0-0: SINGLE (Groundball, 6S, EV 66.9 MPH) (infield hit)
Batting: RHB Efren Espinoza 0-0: Ball
1-0: Foul Ball, location: 5F
1-1: Ball
2-1: Fielders Choice at 2nd, 6-4 (Groundball, 6, EV 101.3 MPH)
Bottom of the 9th over - 0 runs, 1 hit, 0 errors, 1 left on base; Portland 6 - Tucson 3
Monday, November 11th , 2024 - OOTP Baseball 25.9 Build 91